AoeStats
← egoitzmd

Arabia

510304731Analyzed
1v1 RM · 17h ago on Sep 30, 2026· 38m 41s· 2 players
Game mode
Random Map
Map size
Tiny (2 player)
Population
200
Speed
Normal
Resources
Standard
Victory
Conquest
Starting age
Dark Age
Ending age
Imperial Age
RankedLock teamsTeams togetherTeam positionsShared explorationLock speedFull tech treeHidden civsTurbo modeCheats
Victory
Defeat
🇨🇳 Spanish · China
1178
+17
🇪🇸 Persians · Spain
1191
-17
284352547
2:36 Loom
10:01 Feudal Age
11:50 Double-Bit Axe
12:44 Man-at-Arms
17:23 Gold Mining
21:51 Arson
23:44 Horse Collar
25:28 Stone Mining
27:31 Fletching
28:38 Wheelbarrow
33:48 Scale Mail Armor
36:24 Forging
egoitzmd
6:29 Loom
9:30 Feudal Age
11:09 Town Watch
11:40 Double-Bit Axe
Connection lost

Rejoining the realm…

Still unreachable

The connection could not be restored.

Session expired

The server has moved on; the page needs a fresh start.